 Dungeon Sprint DCSS version 0.21.1-1-g345015f (webtiles) character file.

13000000 nuthulu the Conqueror (level 27, -7/199 HPs)
             Began as a Gargoyle Monk on Mar 21, 2018.
             Was the Champion of Makhleb.
             Killed by divine providence
             ... invoked by an accursed
              (9 damage)
             ... in the Dungeon (Sprint VIII: "Arena of Blood").
             The game lasted 00:05:48 (130 turns).

nuthulu the Conqueror (Gargoyle Monk)                Turns: 130, Time: 00:05:48

Health: -7/199     AC: 25    Str: 20    XL:     27
Magic:  41/54      EV: 33    Int: 15    God:    Makhleb [******]
Gold:   0          SH:  0    Dex: 16    Spells: 80/80 levels left

rFire    . . .     SeeInvis .   j - +∞ Axe of Woe
rCold    . . .     Gourm    .   (shield currently unavailable)
rNeg     + . .     Faith    .   b - +0 robe
rPois    ∞         Spirit   .   (no helmet)
rElec    +         Reflect  .   (no cloak)
rCorr    .         Harm     .   (no gloves)
MR       ++...     NoTele   +   (no boots)
Stlth    +++++++++.             (no amulet)
HPRegen  0.43/turn              (no ring)
MPRegen  0.34/turn              (no ring)

@: marked, flying
A: big wings, negative energy resistance 1, electricity resistance, unbreathing,
petrification resistance, rot immunity, AC +20
a: Stop Flying, Minor Destruction, Lesser Servant of Makhleb, Major Destruction,
Greater Servant of Makhleb, Renounce Religion


You were in the Dungeon.
You worshipped Makhleb.
Makhleb was exalted by your worship.
You were not hungry.

You visited 1 branch

Inventory:

Hand Weapons
 a - a +0 hand axe
 j - the +∞ Axe of Woe (weapon)
   (You found it in the Dungeon)
Armour
 b - a +0 robe (worn)
Jewellery
 k - a +30 ring of slaying
 l - a +200 ring of slaying
Scrolls
 i - a scroll of blinking
Potions
 d - a potion of curing
 e - a potion of heal wounds
 f - a potion of haste
 g - 2 potions of magic
 h - a potion of berserk rage
Comestibles
 c - a ration


   Skills:
 O Level 27 Fighting
 O Level 27 Axes
 O Level 27 Throwing
 O Level 27 Armour
 O Level 27 Dodging
 O Level 27 Stealth
 O Level 27 Unarmed Combat
 O Level 27 Spellcasting
 O Level 27 Invocations


You had 80 spell levels left.
You didn't know any spells.

Dungeon Overview and Level Annotations

Branches:
Dungeon (1/1)

Altars:
Makhleb

Annotations:
D The Defiler


Innate Abilities, Weirdness & Mutations

You are resistant to torment.
Your stone body is resilient. (AC +20)
You are immune to poison.
Your large and strong wings let you fly indefinitely.
You resist negative energy. (rN+)
You are resistant to electric shocks. (rElec)
You can survive without breathing.
You are immune to petrification.
You are immune to rotting.


Message History

* * * LOW HITPOINT WARNING * * *
The accursed points at you and mumbles some strange words.
Something smites you!
* * * LOW HITPOINT WARNING * * *
Really fly into that cloud of flame?
Okay, then.
There are monsters nearby!
Really fly into that cloud of flame? [Y]es or [N]o only, please.
Really fly into that cloud of flame? 5 orcs, a hell knight, 2 wraiths and Edmund come into view.
The Defiler is wielding a +9 demon whip of slashing.
You are engulfed in blazing flames.
* * * LOW HITPOINT WARNING * * *
The dread hits you.
* * * LOW HITPOINT WARNING * * *
The bag of meat hits you but does no damage.
The accursed points at you and mumbles some strange words.
Something smites you!
You die...

..........
#.....§.# ..
#....x§.#
...###..%.§))###...
D{oD..§§###))......
#...D.)§§_)).......
......#§§W)%#......
..... #_§{3_#......
.... #§@Woo# .....


#.ooo@§MLoXo.ooo... ooLDoo.O###oMoXW... .Wo###X.D ..o###V.. Oo #§MD X.# #XpS.
..# XLMWX .. .XXp... You could see 4 accurseds, a tentacled monstrosity, 3
tyrants, an eight-headed meat hydra, 2 fleshlords, a soul eater, a large bag of
meat (inner flame), 6 large abominations, The Defiler, 4 dreads and 18 bags of
meat.

Vanquished Creatures
  A hell knight (D)
  Sigmund (D)
  16 hell beasts (D)
  5 greater mummies (D)
  5 great orbs of eyes (D)
  6 wraiths (D)
  Harold (D)
  16 vampire knights (D)
  53 ogres (D)
  6 two-headed ogres (D)
  4 liches (D)
  2 hydras (D)
  79 orcs (D)
  7 phantoms (D)
  5 skeletal warriors (D)
  6 large abominations (D)
  5 small abominations (D)
  8 crawling corpses (D)
226 creatures vanquished.

Vanquished Creatures (others)
  A great orb of eyes (D)
  An ogre (D)
  A two-headed ogre (D)
  A hydra (D)
  3 orcs (D)
  A sea snake (D)
  3 crawling corpses (D)
11 creatures vanquished.

Grand Total: 237 creatures vanquished

Notes
Turn   | Place    | Note
-------+----------+-------------------------------------------
     0 | D        | Found the +∞ Axe of Woe
     0 | D        | nuthulu the Gargoyle Monk began the quest for the Orb.
     0 | D        | Reached XP level 1. HP: 14/14 MP: 1/1
     4 | D        | Became a worshipper of Makhleb the Destroyer
     4 | D        | Reached * piety under Makhleb
     4 | D        | Reached ** piety under Makhleb
     5 | D        | Noticed a bag of meat
     6 | D        | Noticed a bag of meat
     9 | D        | Noticed a meat berserker
    10 | D        | Noticed a bag of meat
    10 | D        | Killed a bag of meat
    10 | D        | Reached skill level 15 in Axes
    10 | D        | Reached XP level 2. HP: 37/37 MP: 2/2
    10 | D        | Reached XP level 3. HP: 42/42 MP: 3/3
    10 | D        | Reached XP level 4. HP: 48/48 MP: 4/4
    10 | D        | Reached XP level 5. HP: 53/53 MP: 5/5
    10 | D        | Reached XP level 6. HP: 59/59 MP: 6/6
    10 | D        | Reached XP level 7. HP: 64/64 MP: 7/7
    10 | D        | Reached XP level 8. HP: 70/70 MP: 8/8
    10 | D        | Reached XP level 9. HP: 75/75 MP: 9/9
    10 | D        | Reached XP level 10. HP: 80/80 MP: 10/10
    10 | D        | Reached XP level 11. HP: 85/85 MP: 11/11
    10 | D        | Reached XP level 12. HP: 92/92 MP: 12/12
    12 | D        | Killed a meat berserker
    12 | D        | Reached XP level 13. HP: 105/105 MP: 13/13
    12 | D        | Gained mutation: Your large and strong wings let you fly indefinitely. [Gargoyle growth]
    12 | D        | Reached XP level 14. HP: 111/111 MP: 14/14
    12 | D        | Killed a bag of meat
    12 | D        | Reached skill level 10 in Stealth
    13 | D        | Killed a bag of meat
    13 | D        | Reached *** piety under Makhleb
    13 | D        | Reached XP level 15. HP: 120/120 MP: 15/15
    14 | D        | Noticed a meat berserker
    15 | D        | Noticed a meat berserker
    16 | D        | Noticed a meat berserker
    17 | D        | Killed a meat berserker
    17 | D        | Reached XP level 16. HP: 131/131 MP: 16/16
    18 | D        | Noticed a meat berserker
    18 | D        | Killed a meat berserker
    18 | D        | Reached skill level 27 in Fighting
    19 | D        | Noticed a meat berserker
    19 | D        | Noticed a meat berserker
    20 | D        | Killed a meat berserker
    20 | D        | Reached **** piety under Makhleb
    20 | D        | Reached skill level 27 in Axes
    20 | D        | Reached XP level 17. HP: 139/139 MP: 17/17
    21 | D        | Killed a meat berserker
    21 | D        | Reached skill level 27 in Dodging
    21 | D        | Reached XP level 18. HP: 145/145 MP: 18/18
    22 | D        | Killed a meat berserker
    22 | D        | Reached ***** piety under Makhleb
    22 | D        | Reached skill level 27 in Stealth
    23 | D        | Reached skill level 10 in Armour
    23 | D        | Reached skill level 10 in Invocations
    23 | D        | Reached XP level 19. HP: 151/151 MP: 18/31
    24 | D        | Killed a meat berserker
    26 | D        | Noticed a meat berserker
    27 | D        | Noticed a large bag of meat
    29 | D        | Reached skill level 15 in Armour
    29 | D        | Reached skill level 15 in Invocations
    31 | D        | Noticed a meat berserker
    31 | D        | Noticed an eight-headed meat hydra
    31 | D        | Noticed a sculptor of flesh
    31 | D        | Killed a meat berserker
    31 | D        | Reached skill level 15 in Throwing
    31 | D        | Reached skill level 15 in Spellcasting
    31 | D        | Reached XP level 20. HP: 157/157 MP: 19/39
    32 | D        | Killed a large bag of meat
    33 | D        | Noticed The Servant
    34 | D        | Noticed a destroyer
    34 | D        | Noticed a meat berserker
    35 | D        | Killed The Servant
    35 | D        | Reached XP level 21. HP: 115/163 MP: 20/44
    36 | D        | Killed a meat berserker
    36 | D        | Reached ****** piety under Makhleb
    36 | D        | Killed a destroyer
    36 | D        | Reached XP level 22. HP: 169/169 MP: 20/47
    39 | D        | Noticed a large bag of meat
    39 | D        | Noticed a destroyer
    42 | D        | Reached skill level 27 in Armour
    42 | D        | Reached skill level 27 in Invocations
    42 | D        | Killed a destroyer
    42 | D        | Reached skill level 27 in Unarmed Combat
    42 | D        | Reached XP level 23. HP: 175/175 MP: 22/52
    43 | D        | Noticed a destroyer
    43 | D        | Reached skill level 27 in Throwing
    43 | D        | Reached skill level 27 in Spellcasting
    44 | D        | Noticed a large bag of meat
    44 | D        | Noticed a destroyer
    45 | D        | Noticed a destroyer
    46 | D        | Noticed a large bag of meat
    46 | D        | Noticed a destroyer
    46 | D        | Killed a large bag of meat
    47 | D        | Reached XP level 24. HP: 181/181 MP: 23/54
    50 | D        | Noticed an accursed
    50 | D        | Reached XP level 25. HP: 187/187 MP: 21/54
    51 | D        | Noticed a tyrant
    52 | D        | Noticed a destroyer
    52 | D        | Killed a destroyer
    53 | D        | Killed a large bag of meat
    54 | D        | Reached XP level 26. HP: 193/193 MP: 22/54
    55 | D        | Killed a large bag of meat
    57 | D        | Killed a destroyer
    57 | D        | Reached XP level 27. HP: 182/199 MP: 23/54
    57 | D        | Killed a destroyer
    60 | D        | Killed a destroyer
    62 | D        | Noticed a destroyer
    62 | D        | Killed a tyrant
    64 | D        | Noticed a meat beast
    66 | D        | Noticed a tyrant
    68 | D        | Noticed a dread
    68 | D        | Killed a meat beast
    69 | D        | Killed a destroyer
    70 | D        | Noticed a dread
    71 | D        | Noticed a dread
    71 | D        | Killed a dread
    72 | D        | Noticed a tyrant
    72 | D        | Killed a destroyer
    73 | D        | Noticed a meat beast
    73 | D        | Noticed a destroyer
    73 | D        | Noticed a destroyer
    73 | D        | Noticed a tyrant
    74 | D        | Noticed a destroyer
    74 | D        | Killed a meat beast
    74 | D        | Noticed a meat beast
    74 | D        | Noticed a meat beast
    75 | D        | Killed an accursed
    76 | D        | Noticed a meat beast
    76 | D        | Noticed a destroyer
    76 | D        | Killed a meat beast
    79 | D        | Killed a meat beast
    79 | D        | Killed a destroyer
    80 | D        | Killed a tyrant
    80 | D        | Killed a meat beast
    82 | D        | Noticed a meat beast
    82 | D        | Noticed a dread
    82 | D        | Killed a dread
    82 | D        | Killed a destroyer
    82 | D        | Killed a destroyer
    84 | D        | Killed a tyrant
    86 | D        | Killed a destroyer
    86 | D        | Killed a meat beast
    88 | D        | Noticed a tyrant
    88 | D        | Noticed a destroyer
    89 | D        | Killed a dread
    92 | D        | Killed a dread
    93 | D        | Noticed The Captor
    98 | D        | Noticed a meat beast
    98 | D        | Noticed a meat beast
    98 | D        | Noticed a large bag of meat
    99 | D        | Noticed a large bag of meat
    99 | D        | Noticed a meat beast
   100 | D        | Noticed a meat beast
   100 | D        | Noticed a meat beast
   101 | D        | Noticed a large bag of meat
   102 | D        | Noticed a tyrant
   102 | D        | Killed a meat beast
   102 | D        | Killed a meat beast
   103 | D        | Noticed a meat beast
   103 | D        | Killed a destroyer
   104 | D        | Noticed a meat beast
   104 | D        | Killed The Captor
   104 | D        | Killed a meat beast
   105 | D        | Noticed a tyrant
   107 | D        | Noticed a destroyer
   107 | D        | Killed a meat beast
   108 | D        | Killed a meat beast
   109 | D        | Noticed a dread
   109 | D        | Noticed an accursed
   109 | D        | Noticed an accursed
   109 | D        | Killed a meat beast
   110 | D        | Noticed a dread
   110 | D        | Noticed an accursed
   110 | D        | Noticed an accursed
   110 | D        | Noticed an accursed
   110 | D        | Killed a meat beast
   111 | D        | Noticed a dread
   111 | D        | Noticed a meat beast
   111 | D        | Noticed an accursed
   113 | D        | Noticed a tyrant
   113 | D        | Noticed a meat beast
   113 | D        | Killed a meat beast
   115 | D        | Noticed a dread
   115 | D        | Killed a dread
   115 | D        | Killed a meat beast
   116 | D        | Killed an accursed
   117 | D        | Noticed a destroyer
   118 | D        | Killed a dread
   119 | D        | Noticed an accursed
   119 | D        | Noticed a meat beast
   119 | D        | Killed a destroyer
   120 | D        | Killed an accursed
   121 | D        | Noticed a tyrant
   121 | D        | Killed a large bag of meat
   122 | D        | Noticed a fleshlord
   123 | D        | Noticed a dread
   123 | D        | Killed an accursed
   124 | D        | Killed a destroyer
   124 | D        | Killed a meat beast
   125 | D        | Noticed a fleshlord
   125 | D        | Noticed a destroyer
   126 | D        | Killed a destroyer
   126 | D        | Killed an accursed
   126 | D        | Killed a tyrant
   127 | D        | Noticed an accursed
   127 | D        | Killed a fleshlord
   128 | D        | Noticed a large bag of meat
   129 | D        | Killed a large bag of meat
   129 | D        | Killed a large bag of meat
   130 | D        | Noticed a dread
   130 | D        | Noticed a fleshlord
   130 | D        | Noticed a dread
   130 | D        | Noticed The Defiler
   130 | D        | HP: 6/199 [something (8)]
   130 | D        | HP: 2/199 [dread (5)]
   130 | D        | Killed from afar by an accursed

Skill      XL: |  1  2  3  4  5  6  7  8  9 10 11 12 13 14 15 16 17 18 19 20 21 22 23 |
---------------+----------------------------------------------------------------------+-----
Fighting       | 17 21 24 25 27 | 27.0
Axes           | 15 19 21 23 27 | 27.0
Dodging        | 13 16 18 20 24 27 | 27.0
Stealth        | 7 9 10 11 14 18 27 | 27.0
Throwing       | 8 15 19 21 25 27 | 27.0
Armour         | 10 17 22 25 27 | 27.0
Unarmed Combat | 9 16 20 23 27 | 27.0
Spellcasting   | 8 15 19 21 25 27 | 27.0
Invocations    | 10 17 22 25 27 | 27.0

Action                   |  1- 3 |  4- 6 |  7- 9 | 10-12 | 13-15 | 16-18 | 19-21 | 22-24 | 25-27 || total
-------------------------+-------+-------+-------+-------+-------+-------+-------+-------+-------++-------
Melee: Executioner's axe |     1 |       |       |     1 |     2 |     5 |     6 |     9 |    69 ||    93
Invok: Major Destruction |       |       |       |       |       |       |       |       |     1 ||     1
 Abil: Fly               |       |       |       |       |       |       |       |     1 |       ||     1
Armor: Robe              |       |       |       |       |       |       |       |     2 |     9 ||    11
Dodge: Dodged            |       |       |       |       |       |       |     1 |       |    12 ||    13
